General information
- name: BNet
- type: Ladder team game (AT/RT)
- host: Battle.net
- saver: DOGSANDHORSE.RU
map: RiverOfSouls
- players: 6
- length: 06:22
- speed: Fast
- version: 1.24 W3XP
- replay type:

» download(47 KB)
Players
team 1 (loser)
FoNiKo_LouLouDi (
green | 68 APM | 430 actions | 06:18)
1 Mountain King
1 Storm Bolt
» actions
| Basic commands | 6 | |
| Build / train | 6 | |
| Enter build submenu | 5 | |
| Enter hero's abilities submenu | 1 | |
| Right click | 377 | |
| Select / deselect | 25 | |
| Use ability | 10 | |
430 total
» units
» buildings
| Altar of Kings | 1 | |
| Farm | 2 | |
| Arcane Vault | 1 | |
4 total
» build order
00:07 Altar of Kings
01:15 Farm
02:03 Farm
05:48 Arcane Vault
S.T.O.D. (
teal | 94 APM | 596 actions | 06:20)
1 Priestess of the Moon
1 Trueshot Aura
» actions
| Basic commands | 11 | |
| Build / train | 23 | |
| Enter build submenu | 2 | |
| Enter hero's abilities submenu | 1 | |
| Remove unit from queue | 1 | |
| Right click | 509 | |
| Select / deselect | 46 | |
| Use ability | 3 | |
596 total
» units
» buildings
| Moon Well | 1 | |
| Altar of Elders | 1 | |
2 total
» build order
00:05 Moon Well
00:07 Altar of Elders
TaZrW (
red | 70 APM | 438 actions | 06:15)
1 Lich
1 Frost Nova
» actions
| Assign group hotkey | 7 | |
| Build / train | 27 | |
| Enter build submenu | 9 | |
| Enter hero's abilities submenu | 1 | |
| Right click | 313 | |
| Select / deselect | 37 | |
| Select group hotkey | 28 | |
| Use ability | 16 | |
438 total
» units
» upgrades
| Creature Attack | 1 | |
| Creature Carapace | 1 | |
2 total
» buildings
| Altar of Darkness | 1 | |
| Ziggurat | 6 | |
| Crypt | 1 | |
| Halls of the Dead | 3 | |
| Graveyard | 1 | |
| Tomb of Relics | 1 | |
| Black Citadel | 3 | |
| Sacrificial Pit | 1 | |
| Spirit Tower | 3 | |
20 total
» build order
00:07 Altar of Darkness
00:07 Ziggurat
00:38 Crypt
00:57 Ziggurat
01:28 Halls of the Dead
01:28 Halls of the Dead
01:37 Graveyard
01:54 Tomb of Relics
04:03 Black Citadel
04:04 Black Citadel
04:04 Black Citadel
04:06 Sacrificial Pit
05:03 Ziggurat
05:04 Ziggurat
05:05 Ziggurat
05:07 Ziggurat
05:23 Spirit Tower
05:23 Spirit Tower
team 2 (winner)
2xbackwrdzgldr (
blue | 111 APM | 705 actions | 06:21)
2 Archmage
1 Summon Water Elemental
1 Brilliance Aura
» actions
| Assign group hotkey | 102 | |
| Basic commands | 1 | |
| Build / train | 28 | |
| Enter build submenu | 11 | |
| Enter hero's abilities submenu | 2 | |
| Remove unit from queue | 1 | |
| Right click | 319 | |
| Select / deselect | 93 | |
| Select group hotkey | 122 | |
| Use ability | 26 | |
705 total
» units
» upgrades
» buildings
| Altar of Kings | 1 | |
| Farm | 4 | |
| Lumber Mill | 1 | |
| Scout Tower | 3 | |
| Keep | 3 | |
| Guard Tower | 4 | |
| Arcane Sanctum | 1 | |
17 total
» build order
00:02 Altar of Kings
00:03 Farm
01:05 Lumber Mill
01:24 Farm
02:36 Farm
03:23 Scout Tower
03:26 Keep
03:26 Keep
04:00 Guard Tower
04:01 Scout Tower
04:02 Scout Tower
04:34 Guard Tower
04:59 Guard Tower
05:41 Farm
06:20 Arcane Sanctum
BI-fcl_gldrbs (
yellow | 80 APM | 511 actions | 06:21)
1 Keeper of the Grove
1 Force of Nature
» actions
| Assign group hotkey | 8 | |
| Basic commands | 16 | |
| Build / train | 18 | |
| ESC pressed | 2 | |
| Enter build submenu | 11 | |
| Enter hero's abilities submenu | 1 | |
| Right click | 296 | |
| Select / deselect | 73 | |
| Select group hotkey | 66 | |
| Use ability | 20 | |
511 total
» units
» buildings
| Moon Well | 4 | |
| Tree of Life | 1 | |
| Altar of Elders | 1 | |
| Hunter's Hall | 1 | |
| Ancient of War | 3 | |
10 total
» build order
00:24 Moon Well
00:55 Tree of Life
01:20 Altar of Elders
01:58 Hunter's Hall
02:30 Ancient of War
02:44 Ancient of War
03:06 Moon Well
03:17 Ancient of War
03:41 Moon Well
04:25 Moon Well
DOGSANDHORSE.RU (
orange | 87 APM | 556 actions | 06:22)
2 Archmage
1 Summon Water Elemental
1 Brilliance Aura
» actions
| Assign group hotkey | 9 | |
| Basic commands | 4 | |
| Build / train | 21 | |
| Enter build submenu | 14 | |
| Enter hero's abilities submenu | 2 | |
| Right click | 351 | |
| Select / deselect | 105 | |
| Select group hotkey | 28 | |
| Use ability | 22 | |
556 total
» units
» buildings
| Altar of Kings | 1 | |
| Farm | 3 | |
| Barracks | 1 | |
| Scout Tower | 5 | |
| Lumber Mill | 2 | |
| Arcane Tower | 1 | |
| Guard Tower | 2 | |
15 total
» build order
00:10 Altar of Kings
00:19 Farm
00:38 Barracks
00:43 Farm
01:37 Farm
02:11 Scout Tower
02:27 Lumber Mill
02:46 Arcane Tower
02:49 Scout Tower
03:56 Scout Tower
03:57 Scout Tower
04:03 Scout Tower
04:17 Guard Tower
04:59 Guard Tower
05:04 Lumber Mill
Chat log
(06:17 / All) DOGSANDHORSE.RU: have a good tech